 Dungeon Crawl Stone Soup version 0.23.2-1-ga50397a6bc (webtiles) character file.

Game seed: 3869168048033731506

142 Elkator the Ruffian (level 5, -3/40 HPs)
             Began as a Draconian Transmuter on May 31, 2019.
             Slain by a worker ant (8 damage)
             ... on level 3 of the Dungeon.
             The game lasted 00:24:04 (2995 turns).

Elkator the Ruffian (Draconian Transmuter)          Turns: 2995, Time: 00:24:05

Health: -3/40      AC: 10    Str: 12    XL:     5   Next: 4%
Magic:  9/9        EV: 12    Int: 15    God:
Gold:   89         SH:  0    Dex: 11    Spells: 7/10 levels left

rFire    . . .     SeeInvis .     - Unarmed
rCold    . . .     Gourm    .   (no shield)
rNeg     . . .     Faith    .   (armour unavailable)
rPois    .         Spirit   .   (helmet restricted)
rElec    .         Reflect  .   (no cloak)
rCorr    .         Harm     .   n - +2 pair of gloves
MR       .....                  p - +1 pair of boots (curse)
Stlth    +.........             (no amulet)
HPRegen  0.13/turn              (no ring)
MPRegen  0.11/turn              (no ring)

@: lethally poisoned (-3 -> -6)
A: unfitting armour, cold-blooded, AC +5
a: no special abilities


You were on level 3 of the Dungeon.
You were hungry.

You visited 1 branch of the dungeon, and saw 4 of its levels.

You collected 89 gold pieces.

Inventory:

Missiles
 a - 48 arrows
 d - 33 bolts
Armour
 n - a +2 pair of gloves (worn)
 p - a cursed +1 pair of boots (worn)
Scrolls
 b - a scroll of noise {unknown}
 e - 2 scrolls of enchant armour
 h - a scroll of fear {unknown}
 j - a scroll of enchant weapon
 m - a scroll of immolation
Potions
 f - a potion of curing {unknown}
 g - a potion of agility {unknown}
 i - a potion of haste
 k - a potion of degeneration {unknown}
 l - a potion of might
Comestibles
 c - 4 rations


   Skills:
 + Level 1.5 Fighting
 + Level 2.2 Dodging
 + Level 4.2 Unarmed Combat
 + Level 3.0 Spellcasting
 + Level 2.8 Transmutations


You had 7 spell levels left.
You knew the following spells:

 Your Spells              Type           Power        Failure   Level  Hunger
a - Beastly Appendage     Tmut           ##....       6%          1    #......
b - Sticks to Snakes      Tmut           ##......     10%         2    ##.....

Your spell library contained the following spells:

 Spells                   Type           Power        Failure   Level  Hunger
 Spider Form              Tmut/Pois      #.........   32%         3    ###....
 Ice Form                 Ice/Tmut       #.......     73%         4    #####..
 Blade Hands              Tmut           ##........   86%         5    ######.


Dungeon Overview and Level Annotations

Branches:
Dungeon (4/15)
 Temple: D:4-7

Altars:
Cheibriados
Gozag
Makhleb

Shops:
D:3 *


Innate Abilities, Weirdness & Mutations

Your plain brown scales are hard. (AC +5)
You cannot fit into any form of body armour.
You are cold-blooded and may be slowed by cold attacks.


Message History

The worker ant poisons you!
You feel sick. The worker ant closely misses you. The iguana barely misses you.
You climb upwards.
You feel sick.
There is a stone staircase leading down here.
The worker ant bites you but does no damage.
You feel sick. The worker ant barely misses you.
You hit the worker ant.
Your tail-slap misses the worker ant.
The worker ant is moderately wounded.
The worker ant bites you but does no damage.
You barely miss the worker ant.
The worker ant is moderately wounded.
The worker ant misses you.
You hit the worker ant but do no damage.
You tail-slap the worker ant, but do no damage.
The worker ant is moderately wounded.
You feel sick. The worker ant misses you.
You hit the worker ant.
Your tail-slap misses the worker ant.
The worker ant is heavily wounded.
The worker ant bites you!
You die...

####.####.#.# #........# ##
######.### ##. #.# ##.# #### #.#
#.## ...######.############# #.#
##..............l>....# #.##
######.....####a##.#.# ##..#
##...## #@##.#.# #.... ##.##
#.##.#<# ##.## #.# #.##.#.# ###
#.# #......# ##'## ####.###
##...## #.# #### ##.....## #.# #
...###.......## ##.## ##
...##.........####...###########.


You could see an iguana and a worker ant.

Vanquished Creatures
  A scorpion (D:4)
  2 adders
  2 oozes
  2 worms
  2 dart slugs (D:1)
  A leopard gecko (D:1)
  6 bats
  2 giant cockroaches
  12 goblins
  5 hobgoblins
  2 quokkas
  A frilled lizard (D:1)
  11 kobolds
  5 rats
54 creatures vanquished.

Vanquished Creatures (collateral kills)
  A bat (D:1)
  A frilled lizard (D:3)
2 creatures vanquished.

Grand Total: 56 creatures vanquished

Notes
Turn   | Place    | Note
-------+----------+-------------------------------------------
     0 | D:1      | Elkator the Draconian Transmuter began the quest for the
                  | Orb.
     0 | D:1      | Reached XP level 1. HP: 16/16 MP: 3/3
   161 | D:1      | Reached XP level 2. HP: 23/23 MP: 3/5
   165 | D:1      | Learned a level 2 spell: Sticks to Snakes
   382 | D:1      | Reached XP level 3. HP: 24/28 MP: 4/6
  1028 | D:2      | Found an opulent altar of Gozag.
  1028 | D:2      | Found a snail-covered altar of Cheibriados.
  1230 | D:2      | Reached XP level 4. HP: 25/35 MP: 8/8
  1560 | D:2      | Found a burning altar of Makhleb.
  1562 | D:2      | Noticed a cacodemon
  1566 | D:2      | Noticed a ynoxinul
  1566 | D:2      | Noticed a ynoxinul
  2132 | D:3      | Found an opulent altar of Gozag.
  2137 | D:3      | Found Gozag's Platinum Reserve.
  2523 | D:3      | Reached skill level 4 in Unarmed Combat
  2712 | D:4      | Reached XP level 5. HP: 21/40 MP: 4/9
  2995 | D:3      | Slain by a worker ant

Skill      XL: |  1  2  3  4 |
---------------+-------------+-----
Dodging        | 2 |  2.2
Unarmed Combat | 4 |  4.2
Spellcasting   | 3 |  3.0
Fighting       | |  1.5
Transmutations | |  2.8

Action                   |  1- 3 |  4- 6 || total
-------------------------+-------+-------++-------
Melee: Unarmed           |   113 |    91 ||   204
       Kick              |    11 |       ||    11
       Tailslap          |    12 |     6 ||    18
       Headbutt          |     4 |     4 ||     8
       Punch             |     1 |     1 ||     2
 Cast: Beastly Appendage |    24 |     8 ||    32
       Sticks to Snakes  |     2 |     4 ||     6
  Use: Scroll            |       |     9 ||     9
  Eat: Chunk             |     2 |     5 ||     7
Armor: Skin              |    27 |    34 ||    61
Dodge: Dodged            |    60 |    71 ||   131
